 Dungeon Crawl Stone Soup version 0.27-a0-1273-gec92ba881d (webtiles) character file.

Game seed: 15827140365543294858

88 mordus the Poker (level 4, -3/38 HPs)
             Began as a Draconian Monk on June 11, 2021.
             Slain by Terence
             ... wielding a +0 flail
              (6 damage)
             ... on level 2 of the Dungeon.
             The game lasted 00:01:53 (1711 turns).

mordus the Poker (Draconian Monk)                   Turns: 1711, Time: 00:01:53

Health: -3/38      AC:  5    Str: 15    XL:     4   Next: 30%
Magic:  4/4        EV: 13    Int: 10    God:
Gold:   37         SH:  5    Dex: 13    Spells: 3/3 levels left

rFire    . . .     SeeInvis .   a - +0 spear
rCold    . . .     Faith    .   (no shield)
rNeg     . . .     Spirit   .   (armour unavailable)
rPois    .         Reflect  +   (helmet restricted)
rElec    .         Harm     .   (no cloak)
rCorr    .         Rampage  .   (no gloves)
Will     .....                  (no boots)
Stlth    ++........             d - amulet of reflection
HPRegen  0.12/turn              (no ring)
MPRegen  0.09/turn              (no ring)

@: no status effects
A: AC +5, unfitting armour, cold-blooded
a: no special abilities


You were on level 2 of the Dungeon.
You visited 1 branch of the dungeon, and saw 2 of its levels.

You collected 37 gold pieces.

Inventory:

Hand Weapons
 a - a +0 spear (weapon)
Jewellery
 d - an amulet of reflection (around neck)
 e - a ring of wizardry
Scrolls
 b - a scroll of fog {unknown}
 f - a scroll of enchant armour {unknown}
 g - a scroll of identify {unknown}
Potions
 c - a potion of brilliance {unknown}


   Skills:
 - Level 3.2 Fighting
 * Level 4.6 Polearms
 + Level 3.4 Dodging
 - Level 1.7 Stealth


You had 3 spell levels left.
You didn't know any spells.
Your spell library was empty.

Dungeon Overview and Level Annotations

Branches:
Dungeon (2/15)

Altars:

Annotations:
D:1 1 runed translucent door
D:2 Terence


Innate Abilities, Weirdness & Mutations

Your plain brown scales are hard. (AC +5)
You cannot fit into any form of body armour.
You are cold-blooded and may be slowed by cold attacks.


Message History

Terence is severely wounded.
Terence hits you with a +0 flail.
You hit Terence but do no damage.
Terence is severely wounded.
Terence closely misses you.
You hit Terence but do no damage.
Terence is severely wounded.
Terence hits you with a +0 flail!
You hit Terence but do no damage.
Terence is severely wounded.
Terence misses you.
You hit Terence but do no damage.
Terence is severely wounded.
Terence hits you with a +0 flail.
* * * LOW HITPOINT WARNING * * *
You hit Terence.
Terence is severely wounded.
Terence screams, "I want your blood!" Terence hits you with a +0 flail.
* * * LOW HITPOINT WARNING * * *
You hit Terence but do no damage.
Terence is severely wounded.
Terence says, "Don't bother to defend, it's useless."
You block Terence's attack.
You hit Terence but do no damage. You tail-slap Terence.
Terence is severely wounded.
You hit Terence. You tail-slap Terence.
Terence is almost dead.
Terence hits you with a +0 flail.
* * * LOW HITPOINT WARNING * * *
You barely miss Terence.
Terence is almost dead.
Terence closely misses you.
You hit Terence.
Terence is almost dead.
You block Terence's attack.
You hit Terence.
Terence is almost dead.
Terence hits you with a +0 flail.
You die...

####.### ##'## ##.#..# ##.##
######.# #.##.## ##...##
#...##.# ######
##.#.#.####...##.## #.#
#.##.##.#.........## #######.#
#.##...............###.......#
#.#####.#..............#######
##.###.####...##.#######
##...## #...##@# #####
######@# #.# #.# #.# #.# #.#
#.# #.#


You could see Terence.

Vanquished Creatures
  Robin (D:2)
  2 adders (D:2)
  3 dart slugs
  A ball python (D:1)
  6 bats (D:1)
  4 endoplasms (D:1)
  2 giant cockroaches (D:1)
  4 hobgoblins
  6 jackals
  4 frilled lizards (D:1)
  12 goblins
  2 kobolds (D:1)
  4 rats (D:1)
51 creatures vanquished.

Notes
Turn   | Place    | Note
-------+----------+-------------------------------------------
     0 | D:1      | mordus the Draconian Monk began the quest for the Orb.
     0 | D:1      | Reached XP level 1. HP: 19/19 MP: 1/1
     1 | D:1      | Found a runed translucent door.
   159 | D:1      | Reached XP level 2. HP: 25/26 MP: 2/2
   552 | D:1      | Reached XP level 3. HP: 31/31 MP: 3/3
   822 | D:1      | Reached skill level 4 in Polearms
  1243 | D:2      | Noticed Robin
  1323 | D:2      | Reached XP level 4. HP: 35/38 MP: 4/4
  1331 | D:2      | Killed Robin
  1680 | D:2      | Noticed Terence
  1711 | D:2      | Slain by Terence

Illustrated notes

Levels and vault maps discovered:
D:1:      dpeg_arrival_caged_fury, layout_loops_cross
D:2:      layout_loops_corners, serial_shops, shop, amethyst_killhole,
          uniq_natasha, uniq_robin, uniq_terence

Skill      XL: |  1  2  3 |
---------------+----------+-----
Dodging        | 3 |  3.4
Polearms       | 4 |  4.6
Fighting       | |  3.2
Stealth        | |  1.7

Action                   |  1- 3 |  4- 6 || total
-------------------------+-------+-------++-------
Melee: Spear             |   172 |    70 ||   242
       Tailslap          |    16 |    10 ||    26
 Stab: Sleeping          |     8 |       ||     8
Armor: Skin              |    43 |     6 ||    49
Dodge: Dodged            |    77 |    37 ||   114
Block: Other             |    13 |    15 ||    28
       Reflection        |       |     1 ||     1

Table legend: (Time is in decaauts)
 A = Elapsed time spent in this place.
 B = Non-inter-level travel time spent in this place.
 C = Inter-level travel time spent in this place.
 D = Time resting spent in this place.
 E = Time spent auto-exploring this place.
 F = Levels seen in this place.
 G = Mean time per level.
                   A        B        C        D        E       F      G
               +--------+--------+--------+--------+--------+-----+--------+
         Total |   1691 |   1668 |     23 |     91 |   1219 |   2 |  845.5 |
       Dungeon |   1691 |   1668 |     23 |     91 |   1219 |   2 |  845.5 |
               +--------+--------+--------+--------+--------+-----+--------+

Top non-repeatable levels by time:
     D:2: 850 daAuts
     D:1: 840 daAuts
